AoeStats
← TR-68

Black Forest

509427790Analyzed
3v3 RM · 6d ago on Sep 26, 2026· 81m 56s· 6 players
Game mode
Random Map
Map size
Normal (6 player)
Population
200
Speed
Normal
Resources
Standard
Victory
Conquest
Starting age
Dark Age
Ending age
Imperial Age
RankedLock teamsTeams togetherTeam positionsShared explorationLock speedFull tech treeHidden civsTurbo modeCheats
Victory
Defeat
🇳🇱 Portuguese · Netherlands
982
+10
🇳🇱 Slavs · Netherlands
769
+18
🇳🇱 Bulgarians · Netherlands
748
+19
🇺🇸 Danes · United States
859
-17
🇺🇸 Khmer · United States
809
-15
🇺🇸 Mongols · United States
805
-15
Palpatine3209
4:42 Loom
14:17 Feudal Age
16:10 Wheelbarrow
15:32 Double-Bit Axe
24:35 Castle Age
22:55 Stone Mining
23:01 Horse Collar
28:54 Heavy Plow
29:46 Bow Saw
31:07 Stone Shaft Mining
31:45 Gold Mining
36:08 Hand Cart
36:04 Town Watch
37:01 Town Patrol
37:33 Ballistics
39:55 Imperial Age
38:41 Murder Holes
40:21 Masonry
40:19 Husbandry
40:30 Bloodlines
40:00 Light Cavalry
41:15 Crop Rotation
41:01 Hussar
42:20 Conscription
43:18 Chemistry
43:24 Architecture
43:50 Forging
43:48 Scale Barding Armor
44:45 Hoardings
44:09 Fletching
44:51 Chain Barding Armor
45:18 Iron Casting
45:29 Bodkin Arrow
46:19 Plate Barding Armor
50:38 Blast Furnace
49:38 Bracer
Sherry8487
6:09 Loom
11:04 Feudal Age
16:47 Castle Age
15:19 Double-Bit Axe
21:17 Horse Collar
24:20 Wheelbarrow
24:15 Stone Mining
27:07 Gold Mining
30:02 Hand Cart
30:28 Bow Saw
30:28 Husbandry
31:26 Thumb Ring
31:37 Bloodlines
32:00 Heavy Plow
32:14 Light Cavalry
33:40 Gold Shaft Mining
35:47 Imperial Age
34:09 Fortified Wall
33:57 Murder Holes
34:17 Fletching
34:28 Padded Archer Armor
34:39 Scale Barding Armor
36:35 Gold Shaft Mining
36:48 Conscription
37:22 Bodkin Arrow
37:43 Leather Archer Armor
37:54 Ballistics
37:02 Elite Mangudai
37:25 Onager
38:14 Town Watch
40:46 Chemistry
39:50 Bracer
40:06 Forging
40:18 Chain Barding Armor
41:07 Hussar
44:40 Iron Casting
52:29 Drill
52:03 Siege Onager
66:03 Caravan
70:14 Blast Furnace
jtm4518
6:40 Loom
11:55 Feudal Age
12:26 Double-Bit Axe
12:25 Horse Collar
13:51 Gold Mining
14:41 Stone Mining
15:53 Wheelbarrow
21:30 Castle Age
21:57 Fletching
23:03 Bow Saw
22:57 Heavy Plow
23:53 Hand Cart
26:14 Fishing Lines
29:06 Bodkin Arrow
36:07 Imperial Age
34:15 Forging
34:06 Scale Mail Armor
34:45 Arson
35:22 Squires
36:18 Iron Casting
35:59 Chain Mail Armor
35:40 Bodkin Arrow
35:45 Padded Archer Armor
37:08 Ballistics
37:21 Conscription
37:25 Cranequins
38:11 Thumb Ring
37:34 Onager
39:27 Bloodlines
39:18 Husbandry
38:52 Elite Skirmisher
40:30 Siege Engineers
41:27 Chemistry
40:38 Masonry
40:34 Bracer
41:17 Siege Onager
42:28 Leather Archer Armor
42:44 Plate Mail Armor
41:58 Pikeman
42:48 Halberdier
44:12 Northmen's Fury
47:49 Blast Furnace
47:20 Ring Archer Armor
46:54 Heavy Mounted Crossbowman
52:34 Careening
52:20 Murder Holes
54:13 Gold Shaft Mining
59:50 Caravan
68:44 Hoardings
67:49 Elite Varangian Guard
68:30 Hamask
Mortingen Şıtrayze
1:07 Loom
11:32 Feudal Age
12:06 Double-Bit Axe
17:56 Castle Age
17:25 Stone Mining
19:06 Horse Collar
24:42 Fishing Lines
25:01 Town Watch
27:17 Wheelbarrow
28:15 Heavy Plow
31:14 Imperial Age
29:11 Padded Archer Armor
29:02 Fletching
29:51 Fortified Wall
33:02 Chemistry
32:29 Leather Archer Armor
32:39 Conscription
32:29 Murder Holes
32:44 Masonry
33:19 Gambesons
34:06 Ring Archer Armor
34:03 Scale Mail Armor
34:14 Forging
34:00 Bodkin Arrow
34:10 Scale Barding Armor
34:38 Elite Organ Gun
35:57 Crop Rotation
35:38 Gold Mining
36:57 Bow Saw
37:49 Arquebus
38:09 Chain Mail Armor
38:30 Iron Casting
37:55 Bracer
38:15 Chain Barding Armor
38:20 Ballistics
38:33 Hand Cart
39:12 Stone Shaft Mining
38:50 Husbandry
39:41 Cavalier
40:32 Bloodlines
40:39 Caravan
41:01 Gillnets
42:00 Plate Mail Armor
46:04 Plate Barding Armor
46:30 Blast Furnace
54:59 Two-Man Saw
59:16 Siege Engineers
59:42 Architecture
61:50 Thumb Ring
65:17 Crossbowman
65:47 Arson
65:47 Treadmill Crane
66:52 Light Cavalry
KonyaCity42
0:28 Loom
16:55 Feudal Age
18:51 Double-Bit Axe
29:15 Castle Age
27:48 Fishing Lines
29:13 Stone Mining
29:19 Gold Mining
30:46 Gold Shaft Mining
30:51 Stone Shaft Mining
33:13 Horse Collar
35:52 Bow Saw
37:07 Fletching
38:17 Heavy Plow
40:18 Town Watch
45:08 Imperial Age
44:03 Wheelbarrow
45:30 Gillnets
45:30 Onager
47:55 Hand Cart
47:38 Bodkin Arrow
47:43 Padded Archer Armor
47:54 Forging
48:20 Conscription
49:37 Caravan
50:15 Squires
49:36 Pikeman
51:32 Siege Onager
53:10 Bracer
53:25 Leather Archer Armor
54:22 Crop Rotation
54:52 Town Patrol
57:01 Chemistry
56:26 Ballistics
55:54 Elite Konnik
58:05 Stirrups
60:01 Husbandry
61:38 Scale Mail Armor
61:44 Scale Barding Armor
62:14 Iron Casting
64:04 Bagains
65:55 Arson
66:46 Chain Mail Armor
67:32 Blast Furnace
66:52 Chain Barding Armor
66:30 Murder Holes
68:19 Plate Mail Armor
82:07 Plate Barding Armor
TR-68
0:47 Loom
13:15 Feudal Age
25:46 Castle Age
24:33 Fishing Lines
31:55 Double-Bit Axe
33:03 Bow Saw
33:43 Horse Collar
35:28 Heavy Plow
36:11 Scale Barding Armor
39:56 Imperial Age
39:33 Wheelbarrow
39:36 Coinage
39:12 Caravan
39:53 Chain Barding Armor
40:27 Forging
40:23 Padded Archer Armor
41:53 Two-Man Saw
41:34 Elite Boyar
43:17 Banking
44:25 Plate Barding Armor
44:06 Leather Archer Armor
44:29 Iron Casting
44:34 Crop Rotation
51:08 Blast Furnace
50:39 Ring Archer Armor
50:50 Onager
51:30 Gillnets
52:47 Siege Onager
59:46 Elite Skirmisher
60:21 Fletching
71:12 Squires
73:21 Capped Ram
79:19 Siege Ram
80:18 Detinets
80:19 Druzhina
Connection lost

Rejoining the realm…

Still unreachable

The connection could not be restored.

Session expired

The server has moved on; the page needs a fresh start.